 Dungeon Crawl Stone Soup version 0.25-a0-589-g1e14c549ee (webtiles) character file.

Game seed: 11836135353015562182, levelgen mode: deterministic

9 Esekla the Charlatan (level 2, 0/14 HPs)
             Began as a Spriggan Artificer on Mar 9, 2020.
             Slain by an adder (3 damage)
             ... on level 2 of the Dungeon.
             The game lasted 00:02:41 (523 turns).

Esekla the Charlatan (Spriggan Artificer)            Turns: 523, Time: 00:02:42

Health: 0/14       AC:  2    Str:  8    XL:     2   Next: 6%
Magic:  15/15      EV: 19    Int: 12    God:
Gold:   14         SH:  0    Dex: 16    Spells: 1/1 levels left

rFire    . . .     SeeInvis +   a - +0 short sword
rCold    . . .     Gourm    .   (shield restricted)
rNeg     . . .     Faith    .   b - +0 robe
rPois    .         Spirit   .   (helmet restricted)
rElec    .         Reflect  .   (no cloak)
rCorr    .         Harm     .   (gloves unavailable)
MR       .....                  (boots unavailable)
Stlth    ++........             (no amulet)
HPRegen  0.04/turn              h - ring of magical power
MPRegen  0.14/turn              (no ring)

@: very quick
A: very small, unfitting armour, see invisible, herbivore, speed 3, slow
metabolism 2
a: no special abilities


You were on level 2 of the Dungeon.
You were not hungry.

You visited 1 branch of the dungeon, and saw 2 of its levels.

You collected 14 gold pieces.

Inventory:

Hand Weapons
 a - a +0 short sword (weapon)
Armour
 b - a +0 robe (worn)
Jewellery
 h - a ring of magical power (left hand)
Wands
 c - a wand of flame (15)
 d - a wand of enslavement (15)
 e - a wand of random effects (15)
Scrolls
 i - a scroll of blinking {unknown}
 l - a scroll of immolation {unknown}
 m - a scroll of magic mapping {unknown}
Potions
 g - a potion of degeneration {unknown}
 j - 2 potions of curing {unknown}
 k - a potion of heal wounds {unknown}
Comestibles
 f - 2 rations


   Skills:
 - Level 0.7 Fighting
 * Level 1.6 Short Blades
 * Level 3.5 Dodging
 + Level 2.0 Stealth
 - Level 4.0 Evocations


You had one spell level left.
You didn't know any spells.
Your spell library was empty.

Dungeon Overview and Level Annotations

Branches:
Dungeon (2/15)

Altars:


Innate Abilities, Weirdness & Mutations

You are very small and have problems with some larger weapons.
You are too small for most types of armour.
You have supernaturally acute eyesight. (SInv)
You are a herbivore.
You cover ground extremely quickly.
You need to consume almost no food.


Message History

Found a robe.
A quokka comes into view.
An adder comes into view.
Found 12 gold pieces.
The helpless adder fails to defend itself.
You puncture the adder!
The adder is almost dead.
The adder completely misses you. The adder misses you.
You closely miss the adder.
The adder is almost dead.
The quokka barely misses you. The adder closely misses you.
The quokka bites you.
* * * LOW HITPOINT WARNING * * *
You barely miss the adder.
The adder is almost dead.
The adder bites you but does no damage. The quokka closely misses you.
You hit the adder but do no damage.
The adder is almost dead.
The adder barely misses you. The quokka misses you. The adder bites you.
You die...

#...#
########....#....
##.## ##########
####.))### #..
#...[....# ####......
###
#........####......###
#........#....##.###
#.......####..#
##...##### #.## #...##
#. #..@.# #. ##r#S# #.
#.#... #. #.#.#.# #.
..#..$# #..#. # #.. ..
#.. ..


You could see an adder and a quokka.

Vanquished Creatures
  2 bats (D:1)
  A hobgoblin (D:2)
  4 kobolds
  4 rats (D:1)
11 creatures vanquished.

Notes
Turn   | Place    | Note
-------+----------+-------------------------------------------
     0 | D:1      | Esekla the Spriggan Artificer began the quest for the Orb.
     0 | D:1      | Reached XP level 1. HP: 9/9 MP: 4/4
   457 | D:2      | Reached XP level 2. HP: 13/14 MP: 6/6
   523 | D:2      | Slain by an adder

Levels and vault maps discovered:
D:1:      psy_arrival_statuary, layout_basic, chequers_decorated_corner
D:2:      layout_rooms, st_stairs_10

Skill      XL: |  1 |
---------------+----+-----
Stealth        | 2 |  2.0
Fighting       | |  0.7
Short Blades   | |  1.6
Dodging        | |  3.5
Evocations     | |  4.0

Action                   || total
-------------------------++-------
Melee: Short sword       ||    35
 Stab: Sleeping          ||     5
Armor: Robe              ||     2
Dodge: Dodged            ||    26

Table legend:
 A = Non-vault XP
 B = Vault XP
 C = Vault XP percentage of total XP
 D = Non-vault monster count
 E = Vault monster count
 F = Vault count percentage of total count
                 A         B        C        D         E       F
            +---------+---------+-------+---------+---------+-------
      Total |      14 |       0 |   0.0 |      11 |       0 |   0.0
            +---------+---------+-------+---------+---------+-------
        D:1 |      10 |       0 |   0.0 |       8 |       0 |   0.0
        D:2 |       4 |       0 |   0.0 |       3 |       0 |   0.0
            +---------+---------+-------+---------+---------+-------
